 Dungeon Crawl Stone Soup version 0.16-a0-621-gdc21f72 (webtiles) character file.

144 PolkaDot the Caller (level 5, 0/35 HPs)
             Began as a Vampire Summoner on Sept 17, 2014.
             Succumbed to a worker ant's poison
             ... on Level 4 of the Dungeon.
             The game lasted 00:10:00 (2399 turns).

PolkaDot the Caller (Vampire Summoner)              Turns: 2399, Time: 00:10:01

HP   0/35        AC  2     Str  7      XL: 5   Next:  5%
MP   8/9         EV 12     Int 18      God:
Gold 170         SH  0     Dex 14      Spells:  3 memorised,  2 levels left

rFire  . . .     SeeInvis +     k - +2 trident (freeze)
rCold  . . .     Clarity  .     a - +0 robe
rNeg   . . .     rCorr    .     (no shield)
rPois  .         rRot     .     (no helmet)
rElec  .         Spirit   .     (no cloak)
SustAb .         Warding  .     (no gloves)
rMut   .         Stasis   .     (no boots)
Gourm  .                        (no amulet)
MR     .....                    (no ring)
                                (no ring)

@: lethally poisoned, very slightly contaminated, regenerating quickly,
invisible, not resistant to hostile enchantments, unstealthy
A: fangs 3, see invisible, sense surroundings 1, unbreathing
a: no special abilities


You were on level 4 of the Dungeon.
You were very full.

You visited 1 branch of the dungeon, and saw 4 of its levels.

You collected 170 gold pieces.

Inventory:

Hand weapons
 k - a +2 trident of freezing (weapon)
Armour
 a - a +0 robe (worn)
Scrolls
 e - a scroll of identify
 g - a scroll of fog {unknown}
 h - a scroll of noise {unknown}
 i - a scroll of teleportation
 m - a scroll of remove curse {unknown}
 o - a scroll of fear {unknown}
Jewellery
 n - a cursed ring of stealth {unknown}
Potions
 c - a potion of cure mutation {!q}
 l - a potion of invisibility
Books
 b - a book of Callings

   Spells                             Type                      Level
   *Summon Small Mammal               Summoning                    1
   *Call Imp                          Summoning                    2
   *Call Canine Familiar              Summoning                    3
   Summon Guardian Golem              Hexes/Summoning              4
   Summon Lightning Spire             Summoning/Air                4
   Summon Ice Beast                   Ice/Summoning                4


   Skills:
 - Level 2.1 Dodging
 - Level 3.0 Stealth
 - Level 2.0 Spellcasting
 * Level 6.4 Summonings


You had 2 spell levels left.
You knew the following spells:

 Your Spells              Type           Power        Failure   Level  Hunger
a - Summon Small Mammal   Summ           ###.         1%          1    #......
d - Call Canine Familiar  Summ           ###.....     4%          3    ####...
s - Call Imp              Summ           ###.....     1%          2    ##.....


Dungeon Overview and Level Annotations

Branches:
Dungeon (4/15)
 Temple: D:4-7

Altars:
Dithmenos


Innate Abilities, Weirdness & Mutations

Your natural rate of healing is unusually fast.
You have razor-sharp teeth.
You have supernaturally acute eyesight.
You can survive without breathing.
You passively map a small area around you.


Message History

What do you say? t - Shout!
Orders for allies: a - Attack new target. r - Retreat! s - Stop attacking. w - Wait here. f - Follow me.
Anything else - Stay silent.
You shout for attention!
The hobgoblin shouts!
* * * LOW HITPOINT WARNING * * *
You feel sick.
Attack whom?
Press: ? - help, Dir - move target cursor, f - hobgoblin
Aim: a hobgoblin You barely miss the hobgoblin.
The hobgoblin misses you.
Attack whom?
Press: ? - help, Dir - move target cursor, f/p - hobgoblin
Aim: a hobgoblin You hit the hobgoblin.
You freeze the hobgoblin.
You bite the hobgoblin, but do no damage.
The hobgoblin is heavily wounded.
You die...

, #.
######...
#........#
*........#
#.......#
#.......#
#.......#
#.@.....#
#..g....#
#..#...##
#.######
#.# #.# *
#.# #.#
#.#


You could see a hobgoblin.

Vanquished Creatures
  A worker ant (D:4)
  3 gnolls (D:3)
  3 worms
  2 giant geckos (D:1)
  An ooze (D:1)
  3 orcs
  4 bats
  2 giant cockroaches
  6 goblins (D:1)
  5 hobgoblins
  A jackal (D:1)
  6 kobolds
  2 quokkas (D:3)
  4 giant newts
  5 rats
48 creatures vanquished.

Vanquished Creatures (collateral kills)
  3 adders (D:2)
  An ooze (D:1)
  A goblin (D:4)
  4 jackals (D:1)
  A giant newt (D:2)
  2 rats (D:1)
12 creatures vanquished.

Vanquished Creatures (others)
  2 bats (D:1)
  3 quokkas
5 creatures vanquished.

Grand Total: 65 creatures vanquished

Notes
Turn   | Place    | Note
--------------------------------------------------------------
     0 | D:1      | PolkaDot, the Vampire Summoner, began the quest for the Orb.
     0 | D:1      | Reached XP level 1. HP: 13/13 MP: 3/3
   263 | D:1      | Reached XP level 2. HP: 16/19 MP: 4/4
   646 | D:1      | Reached skill level 5 in Summonings
   646 | D:1      | Reached XP level 3. HP: 8/24 MP: 3/6
  1014 | D:2      | Learned a level 3 spell: Call Canine Familiar
  1068 | D:2      | Learned a level 2 spell: Call Imp
  1846 | D:3      | Reached XP level 4. HP: 26/30 MP: 7/7
  2002 | D:3      | Reached skill level 6 in Summonings
  2194 | D:3      | Found a shadowy altar of Dithmenos.
  2381 | D:4      | Reached XP level 5. HP: 16/35 MP: 5/9
  2388 | D:4      | Gained mutation: Your spells are a little harder to cast, but a little more powerful. [potion of mutation]
  2388 | D:4      | Gained mutation: You passively map a small area around you. [potion of mutation]
  2388 | D:4      | Lost mutation: Your spells are a little harder to cast, but a little more powerful. [potion of mutation]
  2395 | D:4      | HP: 1/35 [poisoned by a worker ant]
  2399 | D:4      | Succumbed to a worker ant's poison

Action                   |  1- 3 |  4- 6 || total
-------------------------+-------+-------++-------
Melee: Spear             |   164 |       ||   164
       Trident           |    10 |    61 ||    71
 Cast: Summon Small Mamm |    17 |       ||    17
       Call Canine Famil |     2 |     1 ||     3
  Use: Potion            |     1 |     6 ||     7
       Scroll            |       |     8 ||     8
 Stab: Sleeping          |     3 |     2 ||     5
  Eat: Corpse            |    14 |     5 ||    19
